 Dungeon Crawl Stone Soup version 0.28.0-53-g5a82cb258f (webtiles) character file.

Game seed: 9865311609025330065

121 sking99 the Gusty (level 5, 0/30 HPs)
             Began as a Tengu Air Elementalist on June 10, 2022.
             Slain by Sigmund
             ... wielding a +2 vorpal scythe
              (4 damage)
             ... on level 2 of the Dungeon.
             The game lasted 00:09:05 (4315 turns).

sking99 the Gusty (Tengu Air Elementalist)          Turns: 4315, Time: 00:09:05

Health: 0/30       AC:  2    Str: 10    XL:     5   Next: 5%
Magic:  10/10      EV: 15    Int: 15    God:
Gold:   52         SH:  0    Dex: 15    Spells: 3/9 levels left

rFire   . . .      SeeInvis .   c - +0 dagger
rCold   . . .      Faith    .   (no shield)
rNeg    . . .      Spirit   .   a - +0 robe
rPois   .          Reflect  .   (helmet restricted)
rElec   .          Harm     .   (no cloak)
rCorr   .          Rampage  .   (no gloves)
Will    .....                   (boots unavailable)
Stlth   +.........              e - amulet of magic regeneration
HPRegen 0.10/turn               (no ring)
MPRegen 0.52/turn               (no ring)

@: confused, flying quickly and evasively, quick
A: beak, talons 3, nimble flight
a: no special abilities


You were on level 2 of the Dungeon.
You visited 1 branch of the dungeon, and saw 3 of its levels.

You collected 52 gold pieces.

Inventory:

Hand Weapons
 c - a +0 dagger (weapon)
Armour
 a - a +0 robe (worn)
Jewellery
 e - an amulet of magic regeneration (around neck)
Wands
 f - a wand of acid (3)
Scrolls
 d - a scroll of fog {unknown}
 j - a scroll of identify {unknown}
 k - a scroll of amnesia {unknown}
 l - a scroll of immolation {unknown}
Potions
 b - 2 potions of curing {unknown}
 g - a potion of magic {unknown}
 h - a potion of haste {unknown}
 i - a potion of heal wounds {unknown}


   Skills:
 + Level 1.9 Fighting
 - Level 2.8 Dodging
 - Level 2.0 Stealth
 + Level 2.8 Spellcasting
 + Level 3.0 Conjurations
 * Level 4.9 Air Magic


You had 3 spell levels left.
You knew the following spells:

 Your Spells              Type           Power      Damage    Failure   Level
a - Shock                 Conj/Air       56%        1d6       4%          1
b - Static Discharge      Conj/Air       14%        N/A       6%          2
z - Swiftness             Air            16%        N/A       9%          3

Your spell library contained the following spells:

 Spells                   Type           Power      Damage    Failure   Level
 Airstrike                Air            8%         N/A       26%         4


Dungeon Overview and Level Annotations

Branches:
Dungeon (3/15)

Altars:

Annotations:
D:2 Sigmund


Innate Abilities, Weirdness & Mutations

You have a beak for a mouth.
You have claws for feet.
Your magical nature lets you fly swiftly and evasively.


Message History

Done exploring.
Done exploring.
There is an escape hatch in the ceiling here.
A mysterious force pulls you upwards. The hatch slams shut behind you.
Level annotation: Sigmund Level map cleared.
Sigmund is nearby!
Sigmund is nearby!
Casting: Shock (safe; 4% risk of failure)
Confirm with . or Enter, or press ? or * to list all spells.
Aiming: Shock (safe; 4% risk of failure)
Press: ? - help, Shift-Dir - straight line, f - Sigmund
Aim: Sigmund, wielding a +2 vorpal scythe and wearing a +0 robe (wandering, hasn't noticed you, 68% to hit)
The zap hits Sigmund.
Sigmund is lightly wounded.
Sigmund casts a spell at you. You resist with some effort.
Casting: Shock (safe; 4% risk of failure)
Confirm with . or Enter, or press ? or * to list all spells.
Aiming: Shock (safe; 4% risk of failure)
Press: ? - help, Shift-Dir - straight line, f/p - Sigmund
Aim: Sigmund, wielding a +2 vorpal scythe and wearing a +0 robe (lightly wounded, 68% to hit)
The zap hits Sigmund.
Sigmund is moderately wounded.
Sigmund casts a spell.
Sigmund flickers and vanishes!
Deactivating autopickup; reactivate with Ctrl-A.
Casting: Shock (safe; 4% risk of failure)
Confirm with . or Enter, or press ? or * to list all spells.
Aiming: Shock (safe; 4% risk of failure)
Press: ? - help, Shift-Dir - straight line You are confused.
There is an escape hatch in the ceiling here.
You bump into the rock wall.
You bump into the rock wall.
You bump into the rock wall.
You bump into the rock wall.
Something hits you! Something hits you!
* * * LOW HITPOINT WARNING * * *
You die...

,***** *,****,* *,,,,****,* #.*
**,,,,,,,.** #.# ######
*,,,,,,....###.# #.....
,,,,,,*#..,....#### #.####
,,,,,,,,...,......# #.# #
,,,,,,,,,#.###.##.# #.# #
,**,*****,#.#...#.##########.# #
***†****,**#....@<...........# #
,),†,,,**,#.#...###.##.##.##.# #
***,,†,**,,*##.## #.##.##.##.# #
*****,,**,** #.# #.##.......# *
,,,**,,**,* #.# #.#####.##.# *
**,,,,,##.####.####.###.....(##**
**,,**,..........................
,,,,,,,........########.#########
*,,,,,,...###### #.# *


There were no monsters in sight!

Vanquished Creatures
  3 gnolls (D:2)
  3 worms (D:2)
  2 dart slugs (D:1)
  2 orcs (D:3)
  10 ball pythons
  5 endoplasms
  3 giant cockroaches
  6 goblins
  5 hobgoblins
  11 jackals
  2 kobolds (D:1)
  3 quokkas
  3 bats
  6 frilled lizards
  7 rats
71 creatures vanquished.

Notes
Turn   | Place    | Note
-------+----------+-------------------------------------------
     0 | D:1      | sking99 the Tengu Air Elementalist began the quest for the
                  | Orb.
     0 | D:1      | Reached XP level 1. HP: 10/10 MP: 4/4
   135 | D:1      | Reached XP level 2. HP: 16/16 MP: 0/6
   473 | D:1      | Reached skill level 1 in Fighting
   531 | D:1      | Reached XP level 3. HP: 20/20 MP: 2/7
   576 | D:1      | Learned a level 2 spell: Static Discharge
   584 | D:1      | Learned a level 3 spell: Swiftness
  1935 | D:2      | Noticed Sigmund
  2275 | D:2      | Reached XP level 4. HP: 25/25 MP: 6/8
  3966 | D:3      | Gained mutation: Your magical nature lets you fly swiftly
                  | and evasively. [Tengu growth]
  3966 | D:3      | Reached XP level 5. HP: 30/30 MP: 7/10
  4315 | D:2      | Slain by Sigmund

Illustrated notes

Levels and vault maps discovered:
D:1:      enne_arrival_octagon_isle, layout_loops_ring
D:2:      layout_loops_ring, uniq_sigmund
D:3:      layout_rooms

Skill      XL: |  1  2  3  4  5 |
---------------+----------------+-----
Conjurations   | 2 3 |  3.0
Fighting       | 1 |  1.9
Dodging        | |  2.8
Stealth        | |  2.0
Spellcasting   | |  2.8
Air Magic      | |  4.9

Action                   |  1- 3 |  4- 6 || total
-------------------------+-------+-------++-------
Melee: Unarmed           |     1 |       ||     1
 Cast: Shock             |    98 |    63 ||   161
       Static Discharge  |     1 |     5 ||     6
       Swiftness         |       |     1 ||     1
Armor: Robe              |       |     2 ||     2
Dodge: Dodged            |     8 |    16 ||    24
